Map: 2000 Atmospheres LE

Players

Leetz

  • Race: Terran Terran
  • League: Master

Sepheron - Winner!

  • Race: Protoss Protoss
  • League: Grandmaster

VOD

Have the link to the VOD?

Description

Time

  • Played on: Dec. 11, 2021, 2 p.m.
  • Length: 6:24
Show
View Real Time Build Order
Export as new Build Order

Leetz Terran 

Build Orders:  

Get SALT Encoding   

  12  0:00  SCV  
  13  0:12  SCV  
  14  0:18  Supply Depot  
  14  0:24  SCV  
  15  0:39  SCV  
  15  0:41  Barracks  
  16  0:43  Refinery  
  16  0:51  SCV  
  17  1:03  SCV  
  18  1:16  SCV  
  19  1:28  Marine  
  19  1:29  Orbital Command  
  20  1:46  Command Center  
  20  1:47  Barracks Reactor  
  20  1:57  SCV  
  20  1:58  Supply Depot  
  21  2:09  SCV  
  21  2:12  Factory  
  22  2:21  SCV  
  23  2:24  Marine x2  
  23  2:28  Bunker  
  25  2:33  SCV  
  25  2:35  Refinery  
  26  2:42  Marine x2  
  28  2:45  SCV  
  29  2:57  SCV, Orbital Command  
  30  3:01  Starport  
  30  3:06  Marine x2  
  30  3:09  Widow Mine  
  30  3:11  SCV  
  35  3:24  SCV x2, Marine x2  
  39  3:29  Supply Depot  
  39  3:36  SCV x2  
  39  3:37  Medivac  
  39  3:38  Widow Mine  
  45  3:43  Barracks  
  45  3:48  SCV  
  46  3:50  SCV  
  46  3:53  Barracks  
  47  3:57  Supply Depot  
  47  4:00  SCV  
  47  4:01  Marine  
  47  4:02  Marine  
  50  4:03  SCV  
  50  4:05  Factory Tech Lab  
  51  4:14  Starport Tech Lab  
  51  4:15  SCV x2  
  53  4:20  Supply Depot, Engineering Bay  
  53  4:21  Marine  
  53  4:24  Marine  
  54  4:27  SCV  
  57  4:36  SCV  
  57  4:39  Stimpack, SCV, Marine  
  57  4:40  Marauder  
  61  4:50  Marine, Marauder  
  61  4:51  Factory Reactor, Starport Reactor  
  61  4:52  SCV x2  
  66  4:56  Refinery  
  66  4:57  Marine  
  66  4:58  Supply Depot  
  67  5:02  Marauder  
  69  5:09  SCV  
  69  5:10  SCV  
  69  5:15  Supply Depot  
  69  5:20  Marauder  
  71  5:21  Supply Depot  
  71  5:22  SCV  
  71  5:24  Marine, Marauder  
  77  5:28  Widow Mine  
  77  5:36  SCV  
  77  5:37  Widow Mine  
  77  5:39  Medivac  
  77  5:41  Supply Depot, Medivac  
  84  5:44  Supply Depot  
  84  5:47  SCV, Refinery  
  84  5:48  SCV  
  90  5:50  Marauder x2  
  90  5:51  Marine  
  90  5:52  Marine  
  92  6:02  Widow Mine  
  92  6:03  Widow Mine  
  96  6:04  Supply Depot  
  96  6:08  Supply Depot  
Show
View Real Time Build Order
Export as new Build Order

Sepheron Protoss - Winner!

Build Orders: 1 Gate Expand 

Get SALT Encoding   

  12  0:00  Probe  
  13  0:12  Probe  
  14  0:17  Pylon  
  14  0:24  Probe (Chrono Boost)  
  15  0:36  Gateway, Probe (Chrono Boost)  
  16  0:43  Probe (Chrono Boost)  
  16  0:46  Assimilator  
  17  0:51  Probe  
  18  1:03  Probe (Chrono Boost)  
  19  1:13  Probe (Chrono Boost)  
  19  1:17  Probe (Chrono Boost)  
  21  1:30  Cybernetics Core  
  21  1:36  Nexus  
  21  1:39  Probe  
  22  1:47  Pylon  
  22  1:51  Probe  
  23  1:58  Assimilator  
  23  2:05  Probe (Chrono Boost)  
  23  2:07  Robotics Facility  
  25  2:16  Probe (Chrono Boost)  
  25  2:21  Probe (Chrono Boost)  
  26  2:23  Pylon  
  26  2:25  Adept  
  28  2:31  Warp Gate, Probe  
  29  2:43  Probe  
  30  2:44  Pylon  
  30  2:47  Probe  
  31  2:54  Observer (Chrono Boost)  
  31  2:55  Probe  
  33  3:00  Probe  
  33  3:05  Robotics Bay  
  34  3:07  Adept (Chrono Boost), Probe  
  34  3:12  Probe  
  38  3:19  Probe  
  39  3:24  Probe  
  39  3:25  Gateway  
  39  3:26  Observer  
  41  3:29  Zealot  
  41  3:31  Probe  
  44  3:37  Gateway  
  44  3:39  Pylon  
  44  3:41  Probe  
  44  3:44  Probe  
  46  3:49  Disruptor (Chrono Boost)  
  46  3:53  Probe  
  46  3:55  Observer  
  50  3:56  Probe  
  50  4:01  Assimilator  
  51  4:09  Observer  
  51  4:12  Nexus  
  51  4:14  Pylon  
  51  4:15  Probe x2  
  53  4:22  Stalker  
  53  4:24  Stalker  
  57  4:27  Probe  
  57  4:38  Stalker  
  59  4:40  Probe x2  
  59  4:44  Disruptor (Chrono Boost)  
  61  4:52  Probe x2  
  66  4:55  Stalker x2  
  66  4:56  Pylon  
  70  5:04  Probe x2  
  71  5:07  Observer  
  71  5:16  Probe x2  
  73  5:25  Twilight Council  
  73  5:26  Gateway  
  73  5:28  Gateway, Probe x2  
  74  5:31  Pylon  
  74  5:33  Stalker  
  74  5:34  Stalker  
  79  5:36  Probe  
  79  5:40  Probe x2  
  79  5:41  Observer  
  82  5:43  Assimilator  
  82  5:45  Assimilator  
  82  5:46  Pylon  
  82  5:48  Probe  
  83  5:52  Observer, Probe  
  83  5:55  Probe  
  91  6:04  Probe x2  
  91  6:05  Stalker x2  
  91  6:07  Probe  
  98  6:12  Pylon  
Tags
 
Add a new tag
Caveats
  • Supply blocks, unpowered buildings, or Contaminate may cause inaccurate times.
  • Supply counts are checked every 10 seconds.